 Dungeon Crawl Stone Soup version 0.31-a0-1499-ge0622b2318 (webtiles) character file.

Game seed: 18205717214548116305

52 Curundu the Poker (level 3, -1/34 HPs)
             Began as a Minotaur Berserker on Dec 29, 2023.
             Was a Follower of Trog.
             Slain by an orc wizard
             ... wielding a +0 dagger
              (3 damage)
             ... on level 3 of the Dungeon.
             The game lasted 00:03:24 (1226 turns).

Curundu the Poker (Minotaur Berserker)              Turns: 1226, Time: 00:03:25

Health: -1/34      AC:  2    Str: 23    XL:     3   Next: 60%
Magic:  2/2        EV: 12    Int:  4    God:    Trog [*.....]
Gold:   108        SH:  0    Dex:  9    Spells: 2/2 levels left

rFire   . . .        a - +0 spear
rCold   . . .        (no shield)
rNeg    . . .        b - +0 animal skin
rPois   .            (helmet restricted)
rElec   .            (no cloak)
rCorr   .            (no gloves)
SInv    .            (no boots)
Will    .....        (no amulet)
Stlth   +            (no ring)
HPRegen 0.25/turn    (no ring)
MPRegen 0.08/turn

%: no passive effects
@: confused
A: horns 2, retaliatory headbutt
a: Renounce Religion, Berserk


You were on level 3 of the Dungeon.
You worshipped Trog.
Trog was aware of your devotion.
You visited 1 branch of the dungeon, and saw 3 of its levels.

You collected 108 gold pieces.

Inventory:

Hand Weapons
 a - a +0 spear (weapon)
Missiles
 c - 3 atropa-tipped darts
 m - 7 poisoned darts
Armour
 b - a +0 animal skin (worn)
Jewellery
 h - a ring of flight
Scrolls
 d - 4 scrolls of teleportation {unknown}
 f - a scroll of identify {unknown}
 i - a scroll of enchant weapon {unknown}
 j - a scroll of blinking {unknown}
 l - a scroll of poison {unknown}
 n - a scroll of immolation {unknown}
Potions
 e - a potion of haste {unknown}
 g - a potion of resistance {unknown}
 k - a potion of cancellation {unknown}
 o - a potion of curing {unknown}
 p - a potion of degeneration {unknown}


   Skills:
 + Level 4.4 Fighting
 + Level 4.5 Polearms
 + Level 2.7 Armour
 + Level 2.5 Dodging
 + Level 0.1 Stealth


You had 2 spell levels left.
You didn't know any spells.
Your spell library was empty.

Dungeon Overview and Level Annotations

Branches:
Dungeon (3/15)

Altars:

Shops:
D:2 (

Annotations:
D:3 Natasha


Innate Abilities, Weirdness & Mutations

You have a pair of horns on your head.
You reflexively headbutt those who attack you in melee.


Message History

The orc closely misses you. You furiously retaliate!
You headbutt the orc!
You kill the orc!
Trog accepts your kill. Something hits you.
The orc hits you with a +0 short sword.
Things that are here:
a +0 dagger; a +0 ring mail You barely miss something.
You headbutt something. Something hits you. The orc closely misses you.
You hit something but do no damage.
You hear some strange, mumbled words.
A magic dart appears from out of thin air!
The magic dart hits you! The orc misses you.
You hit something but do no damage.
You hear some strange, mumbled words.
You are confused.
The orc hits you with a +0 short sword.
Natasha casts a spell.
You're too confused to move!
Something hits you. The orc hits you but does no damage.
You barely miss the orc. The orc closely misses you. Something hits you.
The cerulean imp closely misses you. The orc attacks as it pursues you!
The orc hits you with a +0 short sword.
You bump into the rock wall.
You bump into the rock wall.
You're too confused to move!
You feel less confused. Something barely misses you.
You hit something. Something hits you.
You hit something.
You hear some strange, mumbled words.
You are confused.
You bump into the rock wall.
Something hits you.
You miss something. Your headbutt misses something. You closely miss something.
Your headbutt misses something.
You hear some strange, mumbled words.
A magic dart appears from out of thin air!
The magic dart hits you!
* * * LOW HITPOINT WARNING * * *
You barely miss something. Your headbutt misses something. Something hits you.
You die...

## .######
......#
####h..##..
###@{o5o.....
##...####.####
######....#
#......#..#
#.####....#
#.#####.#.^...
#.......#.#.).
#.#######.#....
#.# #.# ...


You could see Natasha, a cerulean imp (summoned) and 2 orcs.

Vanquished Creatures
  Jessica (D:2)
  A dart slug (D:1)
  An orc (D:3)
  A ball python (D:2)
  5 endoplasms
  3 goblins
  2 hobgoblins
  3 bats
  2 frilled lizards (D:1)
  4 rats
23 creatures vanquished.

Notes
Turn   | Place    | Note
-------+----------+-------------------------------------------
     0 | D:1      | Curundu the Minotaur Berserker began the quest for the Orb.
     0 | D:1      | Reached XP level 1. HP: 19/19 MP: 0/0
   261 | D:1      | Reached XP level 2. HP: 24/27 MP: 1/1
   618 | D:2      | Noticed Jessica
   631 | D:2      | Killed Jessica
   632 | D:2      | Reached XP level 3. HP: 22/33 MP: 2/2
   942 | D:2      | Found a faded altar of an unknown god.
  1098 | D:2      | Found Niul's Antique Weapon Emporium.
  1205 | D:3      | Noticed Natasha
  1225 | D:3      | HP: 1/34 [something/magic dart (10)]
  1226 | D:3      | Slain by an orc wizard

Illustrated notes

Levels and vault maps discovered:
D:1:      saegor_arrival_under_anarchy, layout_basic
D:2:      layout_basic, serial_shops, shop, basic_ecumenical_altar, uniq_jessica
D:3:      layout_loops_ring, mainiacjoe_overflow_chevrons, lemuel_tele_altar,
          uniq_natasha

Skill      XL: |  1  2 |
---------------+-------+-----
Fighting       | 4 |  4.4
Polearms       | 4 |  4.5
Armour         | |  2.7
Dodging        | |  2.5
Stealth        | |  0.1

Action                     || total
---------------------------++-------
  Melee: Spear             ||    63
         Headbutt          ||     9
         Punch             ||     1
 Armour: Animal skin       ||    35
  Dodge: Dodged            ||    31

Table legend: (Time is in decaauts)
 A = Elapsed time spent in this place.
 B = Non-inter-level travel time spent in this place.
 C = Inter-level travel time spent in this place.
 D = Time resting spent in this place.
 E = Time spent auto-exploring this place.
 F = Levels seen in this place.
 G = Mean time per level.
                   A        B        C        D        E       F      G
               +--------+--------+--------+--------+--------+-----+--------+
         Total |   1219 |   1219 |      0 |      0 |    972 |   3 |  406.3 |
       Dungeon |   1219 |   1219 |      0 |      0 |    972 |   3 |  406.3 |
               +--------+--------+--------+--------+--------+-----+--------+

Top non-repeatable levels by time:
     D:1: 615 daAuts
     D:2: 554 daAuts
     D:3: 48 daAuts
